 Dungeon Crawl Stone Soup version 0.16.1-30-g34a7ffa (webtiles) character file.

4647 kae the Bludgeoner (level 10, -2/77 HPs)
             Began as a Minotaur Fighter on June 10, 2015.
             Slain by Scuka's ghost (18 damage)
             ... on level 8 of the Dungeon on June 28, 2015.
             The game lasted 00:11:33 (6101 turns).

kae the Bludgeoner (Minotaur Fighter)               Turns: 6101, Time: 00:11:33

Health: -2/77      AC:  9    Str: 22    XL:     10   Next: 20%
Magic:  4/4        EV:  7    Int:  7    God:
Gold:   379        SH:  9    Dex: 10    Spells: 0 memorised, 9 levels left

rFire  . . .     SeeInvis .     s - +1 whip (flame)
rCold  + . .     Clarity  .     b - +1 scale mail
rNeg   . . .     SustAb   .     c - +0 shield (curse)
rPois  +         Gourm    .     (helmet restricted)
rElec  .         Spirit   .     v - +0 cloak (curse)
rCorr  .         Warding  .     (no gloves)
rMut   .         Stasis   .     (no boots)
MR     .....                    z - amulet of regeneration
Stlth  ..........               A - ring of protection from cold
                                n - ring of poison resistance

@: not resistant to hostile enchantments, extremely unstealthy
A: retaliatory headbutt, horns 2
a: no special abilities


You were on level 8 of the Dungeon.
You were very hungry.

You visited 2 branches of the dungeon, and saw 9 of its levels.
You also visited: Ossuary.

You collected 379 gold pieces.

Inventory:

Hand weapons
 a - a +0 flail
 s - a +1 whip of flaming (weapon)
 I - the +9 trident of Irritation {pierce, rN+ Str+3 Dex-5}
   (You found it on level 7 of the Dungeon)

   It inflicts extra damage upon your enemies.
   It affects your strength (+3).
   It affects your dexterity (-5).
   It protects you from negative energy.
Armour
 b - a +1 scale mail (worn)
 c - a cursed +0 shield (worn)
 v - a cursed +0 cloak (worn)
Jewellery
 i - an uncursed amulet of clarity
 k - an uncursed amulet of warding
 n - a ring of poison resistance (left hand)
 z - an amulet of regeneration (around neck)
 A - a ring of protection from cold (right hand)
 F - an uncursed ring of wizardry
Magical devices
 p - a wand of digging (23)
 y - a wand of flame (31)
 L - a wand of enslavement (14)
Scrolls
 h - 10 scrolls of identify
 l - 5 scrolls of remove curse
 o - a scroll of fog
 w - 5 scrolls of teleportation
 G - a scroll of blinking
Potions
 e - 2 potions of lignification {unknown}
 j - 2 potions of agility
 m - 3 potions of brilliance
 q - a potion of resistance
 r - 8 potions of curing
 x - a potion of poison {unknown}
 C - a potion of flight {unknown}
 E - 2 potions of degeneration {unknown}
Books
 H - a book of Spatial Translocations

   Spells                             Type                      Level
   a - Apportation                    Translocation                1
   b - Blink                          Translocation                2
   c - Shroud of Golubria             Charms/Translocation         2
   d - Portal Projectile              Translocation                3
   e - Teleport Other                 Translocation                3
   f - Passage of Golubria            Translocation                4
Comestibles
 d - 7 bread rations
 f - 2 fruits
 g - 2 beef jerkies
 u - 2 meat rations


   Skills:
 - Level 3.6 Fighting
 + Level 16.7 Maces & Flails
 - Level 3.6 Armour
 - Level 3.6 Shields


You had 9 spell levels left.
You didn't know any spells.

Dungeon Overview and Level Annotations

Branches:
Dungeon (8/15)             Temple (1/1) D:5
   Lair: D:8-11

Altars:
Ashenzari
Cheibriados
Dithmenos
Fedhas
Gozag
Kikubaaqudgha
Makhleb
Nemelex Xobeh
Qazlal
Ru
Sif Muna
Trog
Xom
Yredelemnul
Zin

Shops:
D:5 =

Annotations:
D:8 Scuka's ghost, powerful GrFi


Innate Abilities, Weirdness & Mutations

You reflexively headbutt those who attack you in melee.
You have a pair of horns on your head.


Message History

You hit Scuka's ghost but do no damage.
You headbutt Scuka's ghost, but do no damage.
Scuka's ghost is lightly damaged.
You hit Scuka's ghost but do no damage.
You headbutt Scuka's ghost, but do no damage.
Scuka's ghost is lightly damaged.
Scuka's ghost completely misses you.
You hit Scuka's ghost. You burn Scuka's ghost.
Scuka's ghost is lightly damaged.
You block Scuka's ghost's attack.
You hit Scuka's ghost but do no damage.
Scuka's ghost is lightly damaged.
You hit Scuka's ghost. You burn Scuka's ghost.
You headbutt Scuka's ghost, but do no damage.
Scuka's ghost is lightly damaged.
Scuka's ghost hits you!!
* * * LOW HITPOINT WARNING * * *
There is a stone staircase leading up here.
Scuka's ghost hits you!!
You die...

#############
#.....W@....#
#.#########.#
#)# #.#
#.W.r...#
##.##
#.#######
###...#
#.....#
#.#...#
#.##### #.#


You could see Scuka's ghost.

Vanquished Creatures
  Pikel (D:7)
  Maurice (D:8)
  The ghost of Razmath the Shield-Bearer, an experienced VSFi of Elyvilon (D:5)
  Grinder (D:6)
  The ghost of tesudzi the Cudgeler, an average OpBe of Trog (D:4)
  4 yaks (D:7)
  A human (D:8)
  An orc warrior (D:6)
  A water moccasin (D:5)
  An ice beast (D:6)
  A wasp (D:6)
  4 slaves (D:7)
  2 ogres
  A phantom (D:4)
  A sky beast (D:7)
  A centaur (D:7)
  3 giant frogs
  A wyvern zombie (D:7)
  3 water moccasin zombies (Ossuary)
  3 scorpions (D:6)
  A water moccasin skeleton (D:4)
  4 crimson imps
  2 hounds
  A centaur zombie (D:5)
  2 electric eels (D:7)
  An orc priest (D:6)
  2 jellies
  A giant frog skeleton (D:5)
  An iguana (D:4)
  5 worker ants
  2 orc wizards
  2 sheep (D:8)
  2 mummies (Ossuary)
  A worker ant zombie (D:6)
  6 adders
  4 gnolls (D:5)
  2 shadow imps (D:6)
  2 worms (D:2)
  4 adder zombies (Ossuary)
  3 giant geckos
  2 oozes
  13 orcs
  3 ball pythons
  A bat skeleton (D:4)
  14 goblins
  10 hobgoblins
  4 jackals (D:7)
  20 kobolds
  13 bats
  7 giant cockroaches
  10 giant newts
  A giant spore (D:7)
  2 gnoll zombies (Ossuary)
  11 hobgoblin zombies (Ossuary)
  A jackal skeleton (D:3)
  5 kobold zombies (Ossuary)
  5 orc zombies (Ossuary)
  7 quokkas
  12 rats
  2 ballistomycetes (D:7)
224 creatures vanquished.

Vanquished Creatures (others)
  Blork the orc (D:7)
  A worker ant (D:7)
  A kobold (D:7)
  A goblin (D:7)
4 creatures vanquished.

Grand Total: 228 creatures vanquished

Notes
Turn   | Place    | Note
--------------------------------------------------------------
     0 | D:1      | kae, the Minotaur Fighter, began the quest for the Orb.
     0 | D:1      | Reached XP level 1. HP: 19/19 MP: 1/1
   245 | D:1      | Reached XP level 2. HP: 24/26 MP: 1/1
   568 | D:2      | Upgraded the game from 0.16.1-29-g3e760ad to 0.16.1-30-g34a7ffa
   583 | D:2      | Reached skill level 4 in Maces & Flails
   615 | D:2      | Reached XP level 3. HP: 22/31 MP: 2/2
  1050 | D:2      | Reached skill level 5 in Maces & Flails
  1458 | D:3      | Reached XP level 4. HP: 37/39 MP: 2/2
  1501 | D:3      | Noticed an ogre
  1504 | D:3      | Killed an ogre
  1504 | D:3      | Reached skill level 6 in Maces & Flails
  1504 | D:3      | Reached XP level 5. HP: 45/45 MP: 2/2
  1898 | D:3      | Noticed a giant frog
  1902 | D:3      | Killed a giant frog
  1902 | D:3      | Reached skill level 7 in Maces & Flails
  2292 | D:4      | Reached XP level 6. HP: 51/51 MP: 3/3
  2333 | D:4      | Reached skill level 8 in Maces & Flails
  2350 | D:4      | Noticed a phantom
  2456 | D:4      | Noticed tesudzi's ghost (average OpBe)
  2461 | D:4      | Killed a phantom
  2461 | D:4      | Reached skill level 9 in Maces & Flails
  2474 | D:4      | Killed tesudzi's ghost
  2474 | D:4      | Reached XP level 7. HP: 45/57 MP: 3/3
  2540 | D:4      | Reached skill level 10 in Maces & Flails
  2632 | D:5      | Entered Level 5 of the Dungeon
  2642 | D:5      | Noticed Razmath's ghost (experienced VSFi)
  2654 | D:5      | Killed Razmath's ghost
  2654 | D:5      | Reached skill level 11 in Maces & Flails
  2654 | D:5      | Reached XP level 8. HP: 42/64 MP: 3/3
  2798 | D:5      | Found a staircase to the Ecumenical Temple.
  2830 | Temple   | Entered the Ecumenical Temple
  3042 | D:5      | Found a stormy altar of Qazlal.
  3053 | D:5      | Found an ancient bone altar of Kikubaaqudgha.
  3119 | D:5      | Found a shimmering altar of Xom.
  3237 | D:5      | Reached skill level 12 in Maces & Flails
  3314 | D:5      | Found a sparkling altar of Nemelex Xobeh.
  3353 | D:5      | Found Totas' Jewellery Emporium.
  3678 | D:6      | Reached skill level 13 in Maces & Flails
  3819 | D:6      | Noticed Grinder
  3882 | D:6      | Paralysed by Grinder for 4 turns
  3887 | D:6      | Killed Grinder
  3887 | D:6      | Reached XP level 9. HP: 25/70 MP: 4/4
  4147 | D:6      | Reached skill level 14 in Maces & Flails
  4315 | D:7      | Found a sand-covered staircase.
  4329 | D:7      | Noticed Pikel
  4347 | D:7      | Killed Pikel
  4364 | Ossuary  | Entered an ossuary
  4643 | Ossuary  | Reached skill level 15 in Maces & Flails
  5116 | D:7      | Killed Blork the orc
  5515 | D:7      | Reached skill level 16 in Maces & Flails
  5533 | D:7      | Reached XP level 10. HP: 46/77 MP: 4/4
  5775 | D:7      | Got a dazzling trident
  5951 | D:7      | Identified the +9 trident of Irritation {pierce, rN+ Str+3 Dex-5} (You found it on level 7 of the Dungeon)
  6030 | D:8      | Noticed Maurice
  6045 | D:8      | Killed Maurice
  6047 | D:8      | Noticed Scuka's ghost (powerful GrFi)
  6101 | D:8      | Slain by Scuka's ghost

Action                   |  1- 3 |  4- 6 |  7- 9 | 10-12 || total
-------------------------+-------+-------+-------+-------++-------
Melee: Flail             |   125 |   116 |   245 |       ||   486
       Whip              |       |       |   278 |    87 ||   365
  Use: Scroll            |     6 |     5 |     2 |     3 ||    16
       Potion            |       |     1 |     3 |       ||     4
  Eat: Chunk             |     1 |     4 |    10 |     2 ||    17
